 Dungeon Crawl Stone Soup version 0.23.2-40-g277498a001 (webtiles) character file.

Game seed: 549041245690238719

111619 EdirashGloemor the Slayer (level 16, -2/169 HPs)
             Began as a Minotaur Berserker on Oct 5, 2019.
             Was an Elder of Trog.
             Slain by a wolf spider (17 damage)
             ... on level 3 of the Lair of Beasts on Oct 6, 2019.
             The game lasted 02:28:49 (33405 turns).

EdirashGloemor the Slayer (Minotaur Berserker)     Turns: 33405, Time: 02:28:50

Health: -2/169     AC: 15    Str: 26    XL:     16   Next: 9%
Magic:  15/15      EV: 13    Int:  4    God:    Trog [****..]
Gold:   2160       SH:  0    Dex: 13    Spells: 15/15 levels left

rFire    + . .     SeeInvis .   a - +3 executioner's axe (elec)
rCold    + . .     Gourm    .   (shield currently unavailable)
rNeg     . . .     Faith    .   T - +7 ring mail of Freedom {rC+ MR+}
rPois    +         Spirit   .   k - +1 hat
rElec    .         Reflect  +   m - scarf {cloud immunity}
rCorr    .         Harm     .   V - +1 pair of gloves {archery} {Ranged Slay+4}
MR       ++...                  (no boots)
Stlth    ..........             Z - +3 amulet of reflection
HPRegen  0.38/turn              F - ring of protection from fire {rF+}
MPRegen  0.14/turn              P - ring of poison resistance {rPois}

@: confused, corroded
A: retaliatory headbutt, horns 2
a: Berserk, Trog's Hand, Brothers in Arms, Renounce Religion


You were on level 3 of the Lair of Beasts.
You worshipped Trog.
Trog was greatly pleased with you.
You were hungry.

You visited 5 branches of the dungeon, and saw 25 of its levels.

You collected 2432 gold pieces.
You spent 272 gold pieces at shops.


Innate Abilities, Weirdness & Mutations

You reflexively headbutt those who attack you in melee.
You have a pair of horns on your head.


   Skills:
 * Level 22.2 Fighting
 + Level 16.9 Axes
 + Level 16.8 Armour
 - Level 3.9 Dodging


You had 15 spell levels left.
You didn't know any spells.
Your spell library was empty.

Inventory:

Hand Weapons
 a - a +3 executioner's axe of electrocution (weapon)
 c - a +6 hunting sling of freezing {@w1}
Missiles
 v - 77 sling bullets
 z - a throwing net (quivered) {=f}
Armour
 k - a +1 hat (worn)
 m - a scarf of cloud immunity (worn)
 L - the +0 ring mail of Xest {*Slow rF+++ MR+}
   (You found it on level 10 of the Dungeon)

   It renders you almost immune to fire.
   It affects your resistance to hostile enchantments.
   It may slow you when you take damage.
 N - a +0 cloak of magic resistance {MR+}
 T - the +7 ring mail of Freedom (worn) {rC+ MR+}
   (You found it on level 7 of the Dungeon)

   It protects you from cold.
   It affects your resistance to hostile enchantments.
 U - a +1 plate armour of poison resistance {rPois}
 V - a +1 pair of gloves of archery (worn) {Ranged Slay+4}
Jewellery
 o - an uncursed ring of ice {rC+, rF-}
 C - an uncursed ring of resist corrosion
 F - a ring of protection from fire (left hand) {rF+}
 M - a +4 ring of intelligence
 P - a ring of poison resistance (right hand) {rPois}
 Z - a +3 amulet of reflection (around neck)
Wands
 b - a wand of disintegration (49) {@e1}
 p - a wand of flame (29)
 x - a wand of acid (25)
 D - a wand of digging (18)
 G - a wand of clouds (20)
 H - a wand of paralysis (24)
Scrolls
 f - a scroll of fog
 g - 2 scrolls of fear {!r}
 i - 5 scrolls of identify {@r2}
 t - 4 scrolls of teleportation
 w - 11 scrolls of remove curse {@r1}
 A - a scroll of silence {!r}
 B - 2 scrolls of blinking {!r}
 E - 3 scrolls of immolation {!r}
 K - 4 scrolls of enchant armour
 O - a scroll of vulnerability {!r!r}
 Q - a scroll of summoning {!r}
 X - 4 scrolls of magic mapping {!r}
Potions
 d - a potion of might {!q}
 h - a potion of haste {!q}
 j - a potion of invisibility {!q}
 l - 6 potions of heal wounds {!q@q1}
 n - a potion of resistance {!q}
 q - 5 potions of curing {@q2}
 r - a potion of ambrosia {!q}
 s - a potion of agility {!q}
 u - 8 potions of brilliance {!q}
 y - 4 potions of flight
 I - 3 potions of cancellation {!q}
 J - a potion of lignification {!q!q}
 W - 3 potions of magic {!q}
Miscellaneous
 R - a lightning rod (4/4)
 S - a sack of spiders
Comestibles
 e - 33 rations {@e1}

Dungeon Overview and Level Annotations

Branches:
Dungeon (15/15)            Temple (1/1) D:7            Lair (6/6) D:11
 Shoals (0/4) Lair:4       Spider (1/4) Lair:3        Slime (0/5) Lair:5
    Orc (2/2) D:12            Elf (0/3) Orc:2        Vaults (0/5) D:13
 Depths (0/5) D:15

Altars:
Ashenzari
Cheibriados
Dithmenos
Elyvilon
Fedhas
Gozag
Hepliaklqana
Kikubaaqudgha
Makhleb
Nemelex Xobeh
Okawaru
Qazlal
Ru
Sif Muna
Trog
Uskayaw
Vehumet
Wu Jian
Xom
Yredelemnul
Zin
The Shining One
Beogh
Jiyva

Shops:
D:8 }   D:9 *   D:13 (   D:15 =   Orc:1 :   Orc:2 *:**

Portals:
Trove: D:10 (give +3 shadow dragon scales)

Annotations:
D:3 exclusion: downstairs
D:9 3 runed translucent doors, Aggronaut's ghost, journeyman DsBe
Lair:4 exclusion: oklob plant
Lair:5 3 runed translucent doors, Jeban's ghost, journeyman OpFi

.# #..##...P................# ##
##.............###.#..#...
##..^..#..##.########....
##......###...##.##.....
#.......#...............
#.........#.#..#...#.... ##
#.......#...#.....###... .##
#..##########.##P.# ##.. ..#
#.#####@##.##.#...# #.# .##
##.##.'a>s'..##.#..####.# .###
#.##^.≈s..≈.###..P..P#..# ...##
#..#..≈≈≈≈≈.###....!....#
....#####.##..≈^^≈...##.#...####.
..........^##.##.#..##.....## ##
..##...##...#####...##..####
#########...#...#^#^#....# ##
###[^....#...^^.##


You could see an entropy weaver, a wolf spider and a redback.


Message History

The redback bites you!
* * * LOW HITPOINT WARNING * * *
The wolf spider hits you!
* * * LOW HITPOINT WARNING * * *
The wolf spider closely misses you. The redback completely misses you.
You furiously retaliate!
You headbutt the redback. The wolf spider hits you.
* * * LOW HITPOINT WARNING * * *
The wolf spider bites you but does no damage.
The entropy weaver hits you.
* * * LOW HITPOINT WARNING * * *
The entropy weaver hits you but does no damage. x2
The entropy weaver misses you.
You take 34 damage, and have 23/169 hp.
MASSIVE DAMAGE!!
Really quaff
r - 2 potions of ambrosia {!q}?
You are confused.
You feel invigorated. The redback barely misses you.
The wolf spider hits you but does no damage.
The wolf spider bites you.
* * * LOW HITPOINT WARNING * * *
The entropy weaver hits you.
* * * LOW HITPOINT WARNING * * *
The entropy weaver hits you but does no damage.
The entropy weaver hits you!
* * * LOW HITPOINT WARNING * * *
The entropy weaver hits you but does no damage.
The redback bites you but does no damage.
You take 14 damage, and have 9/169 hp.
The wolf spider hits you!
You die...

Skill      XL: |  1  2  3  4  5  6  7  8  9 10 11 12 13 14 15 |
---------------+----------------------------------------------+-----
Fighting       | 4 5 6 7 9 11 13 15 17 19 20 22 | 22.2
Axes           | 4 5 6 7 9 10 12 13 14 15 16 | 16.9
Armour         | 3 4 5 6 7 9 10 11 13 14 15 16 | 16.8
Dodging        | 3 |  3.9

Action                   |  1- 3 |  4- 6 |  7- 9 | 10-12 | 13-15 | 16-18 || total
-------------------------+-------+-------+-------+-------+-------+-------++-------
Melee: Hand axe          |    86 |    87 |       |       |       |       ||   173
       Headbutt          |    12 |    21 |    47 |   110 |   268 |     7 ||   465
       War axe           |       |    20 |   109 |       |       |       ||   129
       Battleaxe         |       |       |   111 |   448 |   788 |       ||  1347
       Great mace        |       |       |       |       |    43 |       ||    43
       Executioner's axe |       |       |       |       |   206 |    25 ||   231
 Fire: Hunting sling     |       |       |       |       |     6 |       ||     6
Throw: Throwing net      |       |       |     2 |     1 |     2 |       ||     5
Invok: Berserk           |     1 |     1 |     3 |     4 |     5 |       ||    14
       Trog's Hand       |       |       |     1 |     2 |     5 |       ||     8
       Brothers in Arms  |       |       |       |     4 |     9 |       ||    13
Evoke: Wand              |       |       |     1 |     3 |     2 |       ||     6
       Lightning rod     |       |       |       |       |     3 |       ||     3
  Use: Potion            |     1 |       |       |     1 |     6 |     2 ||    10
       Scroll            |       |    12 |     4 |     8 |    10 |       ||    34
 Stab: Sleeping          |       |       |     5 |     3 |       |       ||     8
       Held in net/web   |       |       |       |     1 |     1 |       ||     2
       Petrified         |       |       |       |       |     5 |       ||     5
       Distracted        |       |       |       |       |     1 |       ||     1
  Eat: Chunk             |     1 |     8 |     9 |    31 |    45 |     3 ||    97
       Ration            |     1 |       |     2 |     1 |     5 |       ||     9
Armor: Animal skin       |    11 |       |       |       |       |       ||    11
       Scale mail        |     5 |    40 |    49 |       |       |       ||    94
       Ring mail         |       |       |    33 |   201 |   533 |    33 ||   800
Dodge: Dodged            |    63 |    60 |   111 |   255 |   648 |    43 ||  1180
Block: Other             |       |    11 |    21 |    54 |   119 |     4 ||   209
       Reflection        |       |     1 |     1 |     2 |     6 |       ||    10

Levels and vault maps discovered:
D:1:      matt_arrival_grand_opening, layout_basic, minmay_tripent
D:2:      layout_basic, uniq_terence
D:3:      layout_loops_ring, zin_treasury, overflow_temple_1_default,
          gammafunk_ghost_arena, first_ration, kennysheep_flooded_box,
          lemuel_altar_in_water
D:4:      layout_loops_ring, grunt_temple_overflow_cloverleaf,
          gammafunk_ghost_necromancy
D:5:      layout_loops_ring, nicolae_overflow_crystal_walls,
          ebering_ghost_sewer_d
D:6:      layout_cave_pools, xom_confusion_cloud, lemuel_crystal_altar,
          grunt_decor_one_mirror, uniq_prince_ribbit1, uniq_duvessa,
          uniq_eustachio, uniq_blork_the_orc
D:7:      layout_basic, makhleb_heckhound_becter, lemuel_doored_altar,
          minmay_temple_entry_offerings, grunt_ogre_cave,
          minmay_fractal_squares_diagonal_5
D:8:      layout_rooms, lemuel_mausoleum_altar_kikubaaqudgha,
          kennysheep_mini_moat, serial_shops, shop_fountains,
          david_defended_altar_orc
D:9:      layout_rooms, serial_shops, nicolae_shop_behind_doors,
          gammafunk_ghost_spectres, minivault_7, uniq_maurice, uniq_psyche
D:10:     layout_rooms, nicolae_trove_entry_crossroad
D:11:     layout_loops_ring, erik_lair_orcish_takeover,
          minmay_misc_feat_diagonals, uniq_erolcha
D:12:     layout_loops_cross, orc_0_dummy
D:13:     layout_cave_pods, ximxim_vaults_locker_room, serial_shops, shop,
          drop_trap, uniq_rupert, uniq_azrael
D:14:     layout_long_grid, kennysheep_cross_bottleneck, jmf_multi_god_temple2
D:15:     hangedman_depths_entry_civil_slaughter, layout_long_grid,
          serial_shops, nicolae_shop_window_shopping
Temple:   compressed_dpeg_triangle_lava_temple
Lair:1:   layout_roguey, lemuel_fruit_tree
Lair:2:   layout_regular_city, serial_bayou_shore_a
Lair:3:   layout_loops_ring, nicolae_spider_entry_orb_guardian,
          hangedman_lair_generics_rect
Lair:4:   layout_misc_corridors, minmay_shoals_entry_hut,
          infiniplex_staircase_pool, minmay_lair_oklob_chamber, uniq_nessos
Lair:5:   dpeg_oklob_gauntlet, layout_big_grid, slime_altar_1,
          gammafunk_ghost_ooze
Lair:6:   hangedman_lair_in_review, layout_misc_corridors,
          guppyfry_lair_end_dragon, nicolae_volcano_entry_two_sided
Spider:1: layout_spider_delve
Orc:1:    layout_caves, serial_shops,
          nicolae_shop_temple_entry_statues_fountains, mines1_david
Orc:2:    pubby_orc_utopia

Notes
Turn   | Place    | Note
-------+----------+-------------------------------------------
     0 | D:1      | EdirashGloemor the Minotaur Berserker began the quest for
                  | the Orb.
     0 | D:1      | Reached XP level 1. HP: 19/19 MP: 0/0
    91 | D:1      | HP: 5/20 [goblin (4)]
   380 | D:1      | Reached XP level 2. HP: 20/27 MP: 1/1
   633 | D:1      | Reached skill level 4 in Fighting
   633 | D:1      | Reached skill level 4 in Axes
   922 | D:1      | Reached skill level 3 in Armour
   961 | D:1      | Reached XP level 3. HP: 33/33 MP: 2/2
  1207 | D:2      | Noticed Terence
  1288 | D:2      | Identified a potion of agility
  1288 | D:2      | HP: 2/33 [Terence/+0 mace (7)]
  1570 | D:2      | Killed Terence
  1570 | D:2      | Reached skill level 3 in Dodging
  1709 | D:2      | Reached ** piety under Trog
  1786 | D:2      | Reached XP level 4. HP: 40/40 MP: 3/3
  2132 | D:2      | Identified 2 scrolls of identify
  2132 | D:2      | Identified an amulet of reflection (You found it on level 1
                  | of the Dungeon)
  2185 | D:3      | Noticed Alannah's ghost (amateur DsFi)
  2186 | D:3      | Found a transporter.
  2207 | D:3      | Found a transporter.
  2221 | D:3      | Found a stormy altar of Qazlal.
  2405 | D:3      | Found a hide-covered altar of Uskayaw.
  2706 | D:3      | Found a glowing silver altar of Zin.
  2832 | D:3      | Found a shattered altar of Ashenzari.
  2927 | D:3      | Identified a potion of degeneration
  2980 | D:4      | Reached XP level 5. HP: 45/47 MP: 4/4
  2987 | D:4      | Reached skill level 4 in Armour
  3150 | D:4      | Reached skill level 5 in Fighting
  3150 | D:4      | Reached skill level 5 in Axes
  3228 | D:4      | Found a runed translucent gate.
  3312 | D:4      | Identified the Volume of Icy Bewitchment
  3346 | D:4      | Found a runed translucent gate.
  3347 | D:4      | Found a runed translucent gate.
  3349 | D:4      | Noticed makkenr95's ghost (amateur MiFi)
  3488 | D:4      | Reached XP level 6. HP: 52/56 MP: 5/5
  3513 | D:4      | Found a deep blue altar of Sif Muna.
  3516 | D:4      | Found an ornate altar of the Wu Jian Council.
  3520 | D:4      | Found a sacrificial altar of Ru.
  3527 | D:4      | Found a shadowy altar of Dithmenos.
  3683 | D:4      | Identified 2 potions of flight
  3684 | D:4      | Identified 2 scrolls of enchant weapon
  3693 | D:4      | Identified a scroll of teleportation
  3698 | D:4      | Identified a scroll of noise
  3699 | D:4      | Identified a scroll of immolation
  3700 | D:4      | Identified a scroll of amnesia
  3701 | D:4      | Identified a scroll of remove curse
  3731 | D:5      | Entered Level 5 of the Dungeon
  3732 | D:5      | Identified a potion of brilliance
  3733 | D:5      | Identified a potion of magic
  3735 | D:5      | Found a basalt altar of Yredelemnul.
  3793 | D:5      | Reached *** piety under Trog
  4103 | D:5      | Reached skill level 6 in Fighting
  4323 | D:5      | Found a runed translucent door.
  4510 | D:5      | Noticed Walther's ghost (novice MiFi)
  4517 | D:5      | Reached skill level 5 in Armour
  4517 | D:5      | Reached XP level 7. HP: 63/63 MP: 6/6
  4522 | D:5      | Killed Walther's ghost
  4522 | D:5      | Reached skill level 7 in Fighting
  4522 | D:5      | Reached skill level 6 in Axes
  4536 | D:5      | Identified a potion of resistance
  4537 | D:5      | Identified a potion of haste
  4560 | D:5      | Identified an amulet of inaccuracy (You found it on level 5
                  | of the Dungeon)
  4604 | D:6      | Noticed Dowan
  4604 | D:6      | Noticed Duvessa
  4667 | D:6      | Found a shimmering altar of Xom.
  4707 | D:6      | Noticed Prince Ribbit
  4715 | D:6      | Reached skill level 6 in Armour
  4723 | D:6      | Reached XP level 8. HP: 56/74 MP: 7/7
  4893 | D:6      | Found a glowing golden altar of the Shining One.
  4908 | D:6      | Reached skill level 8 in Fighting
  5171 | D:6      | Killed Prince Ribbit
  5171 | D:6      | Reached skill level 7 in Axes
  5220 | D:6      | Killed Duvessa
  5230 | D:6      | Killed Dowan
  5230 | D:6      | Reached skill level 9 in Fighting
  5348 | D:6      | Noticed Eustachio
  5357 | D:6      | Killed Eustachio
  5357 | D:6      | Reached skill level 7 in Armour
  5420 | D:6      | Noticed Blork the orc
  5430 | D:6      | Killed Blork the orc
  5674 | D:6      | Identified a potion of curing
  5822 | D:7      | Reached **** piety under Trog
  5936 | D:7      | Reached XP level 9. HP: 85/85 MP: 8/8
  5942 | D:7      | Reached skill level 10 in Fighting
  5958 | D:7      | Reached skill level 8 in Axes
  6352 | D:7      | Found a hide-covered altar of Uskayaw.
  6370 | D:7      | Got a jewelled ring mail
  6382 | D:7      | Identified the +7 ring mail of Freedom {rC+ MR+} (You found
                  | it on level 7 of the Dungeon)
  6402 | D:7      | Identified a ring of stealth (You found it on level 7 of
                  | the Dungeon)
  6403 | D:7      | Identified a ring of ice (You found it on level 6 of the
                  | Dungeon)
  6507 | D:7      | Found a burning altar of Makhleb.
  6584 | D:7      | Found a staircase to the Ecumenical Temple.
  6589 | D:7      | Reached skill level 8 in Armour
  6595 | Temple   | Entered the Ecumenical Temple
  7230 | D:8      | Found Qojaung's Gadget Shop.
  7333 | D:8      | Reached skill level 11 in Fighting
  7610 | D:8      | Reached skill level 9 in Axes
  7685 | D:8      | Reached skill level 9 in Armour
  7685 | D:8      | Reached XP level 10. HP: 95/97 MP: 9/9
  7688 | D:8      | Found an ancient bone altar of Kikubaaqudgha.
  7692 | D:8      | Reached skill level 12 in Fighting
  7751 | D:8      | Found a roughly hewn altar of Beogh.
  7842 | D:8      | Found an iron altar of Okawaru.
  8084 | D:9      | Received a gift from Trog
  8168 | D:9      | HP: 25/100 [poisoned by a queen bee]
  8173 | D:9      | HP: 21/100 [poisoned by a queen bee]
  8178 | D:9      | HP: 18/100 [poisoned by a queen bee]
  8183 | D:9      | HP: 16/100 [poisoned by a queen bee]
  8188 | D:9      | HP: 16/100 [poisoned by a queen bee]
  8195 | D:9      | HP: 15/100 [poisoned by a queen bee]
  8203 | D:9      | HP: 15/100 [poisoned by a queen bee]
  8598 | D:9      | Noticed Psyche
  8605 | D:9      | Killed Psyche
  8605 | D:9      | Reached skill level 10 in Axes
  8691 | D:9      | Reached skill level 13 in Fighting
  8819 | D:9      | Found Odocw's General Store.
  8822 | D:9      | Bought a potion of ambrosia for 104 gold pieces
  8822 | D:9      | Identified 2 scrolls of fog
  8826 | D:9      | Identified a potion of mutation
  8895 | D:9      | Reached skill level 10 in Armour
  8927 | D:9      | Found a runed translucent gate.
  8928 | D:9      | Found a runed translucent gate.
  8928 | D:9      | Noticed Maurice
  8939 | D:9      | Killed Maurice
  8955 | D:9      | Found a runed translucent gate.
  8956 | D:9      | Noticed Aggronaut's ghost (journeyman DsBe)
  9170 | D:3      | Killed Alannah's ghost
  9271 | D:4      | Killed makkenr95's ghost
  9404 | D:10     | Entered Level 10 of the Dungeon
  9444 | D:10     | Reached XP level 11. HP: 104/108 MP: 10/10
  9524 | D:10     | Reached ***** piety under Trog
  9538 | D:10     | Found a portal to a secret trove of treasure.
  9540 | D:10     | Noticed a two-headed ogre
  9550 | D:10     | Killed a two-headed ogre
  9550 | D:10     | Reached skill level 14 in Fighting
  9550 | D:10     | Reached skill level 11 in Axes
  9600 | D:10     | HP: 24/110 [centaur/arrow (4)]
  9607 | D:10     | Killed an unseen horror
 10180 | D:10     | Got a dazzling ring mail
 10243 | D:10     | Identified the +0 ring mail of Xest {*Slow rF+++ MR+} (You
                  | found it on level 10 of the Dungeon)
 10281 | D:11     | Noticed Erolcha
 10284 | D:11     | Reached skill level 11 in Armour
 10285 | D:11     | Killed Erolcha
 10374 | D:11     | Found a staircase to the Lair.
 10556 | D:11     | You fall through a shaft for 2 floors!
 10839 | D:13     | Identified 2 scrolls of magic mapping
 10854 | D:13     | Reached skill level 15 in Fighting
 11331 | Lair:1   | Entered Level 1 of the Lair of Beasts
 11559 | Lair:1   | Noticed a four-headed hydra
 11587 | Lair:1   | Killed a six-headed hydra
 11810 | Lair:1   | Reached skill level 12 in Axes
 12013 | Lair:1   | Identified 4 potions of heal wounds
 12014 | Lair:1   | Identified 3 potions of cancellation
 12223 | Lair:1   | Reached XP level 12. HP: 112/122 MP: 11/11
 12540 | Lair:1   | Identified a scroll of blinking
 12541 | Lair:1   | Identified 3 scrolls of enchant armour
 13059 | Lair:2   | Reached skill level 12 in Armour
 13330 | Lair:2   | Reached skill level 16 in Fighting
 13689 | Lair:2   | Received a gift from Trog
 15003 | Lair:3   | Found a hole to the Spider Nest.
 15448 | Lair:3   | Reached skill level 13 in Axes
 15459 | Lair:3   | Reached skill level 17 in Fighting
 15745 | Lair:3   | Noticed a death yak
 15771 | Lair:3   | Noticed an eight-headed hydra
 15802 | Lair:2   | HP: 31/125 [poisoned by a black mamba]
 15808 | Lair:2   | HP: 28/125 [poisoned by a black mamba]
 15813 | Lair:2   | HP: 27/125 [poisoned by a black mamba]
 15819 | Lair:2   | HP: 27/125 [poisoned by a black mamba]
 15827 | Lair:2   | HP: 27/125 [poisoned by a black mamba]
 16215 | Lair:3   | Noticed a death yak
 16215 | Lair:3   | Noticed a death yak
 16217 | Lair:3   | Noticed a death yak
 16225 | Lair:3   | Killed a death yak
 16227 | Lair:3   | Reached skill level 13 in Armour
 16243 | Lair:3   | Killed a death yak
 16247 | Lair:3   | Killed a death yak
 16248 | Lair:3   | Killed a death yak
 16252 | Lair:3   | Reached XP level 13. HP: 72/133 MP: 4/12
 16809 | Lair:3   | Identified 2 potions of lignification
 16811 | Lair:3   | Identified a ring of protection from fire (You found it on
                  | level 10 of the Dungeon)
 16813 | Lair:3   | Identified a ring of poison resistance (You found it on
                  | level 3 of the Lair of Beasts)
 17840 | Lair:4   | Noticed Nessos
 17848 | Lair:4   | HP: 22/134 [Nessos/arrow (28)]
 17856 | Lair:4   | Killed Nessos
 17856 | Lair:4   | Reached skill level 18 in Fighting
 18521 | Lair:4   | Found a staircase to the Shoals.
 18708 | Lair:5   | Reached skill level 14 in Axes
 19004 | Lair:5   | Found a runed translucent gate.
 19004 | Lair:5   | Found a runed translucent gate.
 19004 | Lair:5   | Found a runed translucent gate.
 19005 | Lair:5   | Noticed a death ooze
 19015 | Lair:5   | Found a viscous altar of Jiyva.
 19015 | Lair:5   | Noticed Jeban's ghost (journeyman OpFi)
 19015 | Lair:5   | Noticed a death ooze
 19271 | Lair:5   | Found a viscous altar of Jiyva.
 19272 | Lair:5   | Found a staircase to the Slime Pits.
 19341 | Lair:5   | Reached skill level 14 in Armour
 19666 | Lair:5   | HP: 26/136 [acid (17)]
 19673 | Lair:5   | HP: 32/136 [acid (13)]
 20005 | Lair:6   | Entered Level 6 of the Lair of Beasts
 20067 | Lair:6   | Reached skill level 19 in Fighting
 20111 | Lair:5   | Received a gift from Trog
 20111 | Lair:5   | HP: 22/137 [spiny frog (16)]
 20169 | Lair:6   | HP: 34/137 [komodo dragon (18)]
 20415 | Lair:6   | Reached XP level 14. HP: 121/146 MP: 4/13
 21877 | Lair:6   | Reached skill level 15 in Axes
 22382 | Lair:6   | Identified a ring of evasion (You found it on level 6 of
                  | the Lair of Beasts)
 22384 | Lair:6   | Identified an amulet of faith (You found it on level 4 of
                  | the Lair of Beasts)
 22656 | Lair:6   | Reached skill level 15 in Armour
 22915 | Lair:6   | Identified a scroll of vulnerability
 22917 | Lair:6   | Identified a ring of resist corrosion (You found it on
                  | level 6 of the Lair of Beasts)
 23121 | D:12     | Reached skill level 20 in Fighting
 23339 | D:12     | Found a staircase to the Orcish Mines.
 23883 | D:12     | Identified a ring of magical power (You found it on level
                  | 12 of the Dungeon)
 23923 | Orc:1    | Entered Level 1 of the Orcish Mines
 23993 | Orc:1    | Found a roughly hewn altar of Beogh.
 24033 | Orc:1    | Found Jeampiasm's Book Boutique.
 24636 | Orc:2    | Entered Level 2 of the Orcish Mines
 24692 | Orc:2    | Received a gift from Trog
 24987 | Orc:2    | Paralysed by an orc sorcerer for 4 turns
 25735 | Orc:2    | Found a staircase to the Elven Halls.
 25893 | Orc:2    | Received a gift from Trog
 25909 | Orc:2    | Found a roughly hewn altar of Beogh.
 26268 | Orc:2    | Reached XP level 15. HP: 157/157 MP: 4/14
 26283 | Orc:2    | Found Zeytz's General Store.
 26528 | Orc:2    | Found Temnaot's Book Shoppe.
 26698 | Orc:2    | Noticed an orc warlord
 26727 | Orc:2    | Killed an orc warlord
 26777 | Orc:2    | Found a roughly hewn altar of Beogh.
 26811 | Orc:2    | Found Qoen's General Store.
 27124 | Orc:2    | Bought a potion of berserk rage for 90 gold pieces
 27124 | Orc:2    | Bought a scroll of identify for 36 gold pieces
 27124 | Orc:2    | Identified a scroll of random uselessness
 27126 | Orc:2    | Identified a scroll of summoning
 27127 | Orc:2    | Identified a scroll of silence
 27554 | Orc:2    | Found Jolapn's General Store.
 27562 | Orc:2    | Bought a scroll of magic mapping for 42 gold pieces
 27619 | Orc:2    | Received a gift from Trog
 27964 | D:13     | Noticed Azrael
 27967 | D:13     | Reached skill level 16 in Axes
 27969 | D:13     | Reached skill level 21 in Fighting
 27973 | D:13     | Killed Azrael
 28178 | D:13     | Noticed Rupert
 28196 | D:13     | Killed Rupert
 28284 | D:13     | Reached skill level 16 in Armour
 28300 | D:13     | Found Waakead's Antique Weapon Emporium.
 29297 | D:13     | Found a gate to the Vaults.
 29321 | D:13     | Identified the +4 glaive of Propriety {chop, MP+9} (You
                  | found it on level 13 of the Dungeon)
 29544 | D:14     | Found a large runed translucent door.
 29549 | D:14     | Found a large runed translucent door.
 30172 | D:14     | Received a gift from Trog
 30746 | D:14     | Identified a scroll of fear
 30957 | D:14     | Found a white marble altar of Elyvilon.
 30957 | D:14     | Noticed a tengu reaver
 30965 | D:14     | Killed a tengu reaver
 30965 | D:14     | Noticed a frost giant
 30974 | D:14     | Killed a frost giant
 31145 | D:14     | Found a shattered altar of Ashenzari.
 31251 | D:15     | Entered Level 15 of the Dungeon
 31360 | D:15     | HP: 27/160 [deep elf knight/orb of energy (21)]
 31780 | D:15     | Found Lumm's Jewellery Boutique.
 31882 | D:15     | Reached skill level 22 in Fighting
 32150 | D:15     | Identified a +4 ring of intelligence
 32159 | D:15     | Found a staircase to the Depths.
 32182 | D:15     | Reached XP level 16. HP: 119/169 MP: 15/15
 33126 | Spider:1 | Entered Level 1 of the Spider Nest
 33128 | Spider:1 | Noticed an entropy weaver
 33403 | Lair:3   | HP: 30/169 [wolf spider (16)]
 33404 | Lair:3   | HP: 9/169 [entropy weaver (11)]
 33405 | Lair:3   | Slain by a wolf spider

Vanquished Creatures
  Rupert (D:13)
  A tengu reaver (D:14)
  A frost giant (D:14)
  2 ettins
  A fire dragon (Lair:6)
  Erolcha (D:11)
  8 hydras
  A catoblepas (Lair:6)
  5 vault guards (D:13)
  3 centaur warriors
  6 two-headed ogres
  A death yak (Lair:3)
  A death knight (D:15)
  4 tengu warriors
  4 orc high priests (Orc:2)
  A hell knight (D:15)
  A deep elf knight (D:15)
  A fire crab (Lair:6)
  2 skeletal warriors
  3 unseen horrors
  A phantasmal warrior (D:15)
  A swamp dragon (Lair:6)
  A wolf spider zombie (D:13)
  2 ugly things (D:14)
  4 orc knights
  An orb spider (Lair:3)
  4 manticores
  A lindwurm (Lair:6)
  2 wolf spiders (Lair:3)
  2 oklob plants (Lair:5)
  5 orc sorcerers (Orc:2)
  4 cyclopes
  14 elephants
  Maurice (D:9)
  Psyche (D:9)
  The ghost of Walther the Chopper, a novice MiFi (D:5)
  8 black mambas
  A torpor snail (Lair:6)
  2 centaur skeletons
  11 spiny frogs
  A freezing wraith (D:15)
  A kobold demonologist (D:12)
  8 komodo dragons
  8 rime drakes
  2 efreet
  3 polar bears
  10 trolls
  2 meliai (D:13)
  A queen bee (D:9)
  Prince Ribbit (D:6)
  The ghost of Alannah the Skirmisher, an amateur DsFi (D:3)
  A hornet (D:15)
  8 hippogriffs
  16 blink frogs
  A snapping turtle (Lair:4)
  8 dream sheep
  A water elemental (D:14)
  2 tarantellas (Lair:3)
  5 wraiths
  61 yaks
  4 wyverns
  The ghost of makkenr95 the Skirmisher, an amateur MiFi (D:4)
  A redback (Lair:3)
  Eustachio (D:6)
  A fire elemental (D:13)
  6 basilisks
  6 humans (D:13)
  2 steam dragons (Lair:6)
  3 hungry ghosts
  7 vampire mosquitoes
  An acid dragon (D:13)
  10 water moccasins
  7 wargs
  A hell hound (D:13)
  A soldier ant (shapeshifter) (D:14)
  Duvessa (D:6)
  9 porcupines
  A swamp drake (Lair:6)
  6 sky beasts
  46 orc warriors
  2 ice beasts
  2 black bears
  A necrophage (D:8)
  5 boggarts (D:14)
  5 wolves
  13 ogres
  8 centaurs
  13 crocodiles
  Blork the orc (D:6)
  A big kobold (D:14)
  15 bullfrogs
  Dowan (D:6)
  A water moccasin skeleton (D:12)
  4 scorpions
  22 killer bees (D:9)
  5 wights
  A howler monkey (D:11)
  4 electric eels
  5 centaur zombies
  4 crimson imps
  2 human zombies (D:8)
  A quasit (D:8)
  4 hounds
  25 orc priests
  3 jellies
  18 orc wizards
  2 human skeletons (D:8)
  Terence (D:2)
  6 iguanas
  8 worker ants
  3 hound zombies
  4 hound skeletons
  A mummy (D:8)
  13 adders
  4 gnolls (D:5)
  3 shadow imps
  2 adder zombies
  2 adder skeletons
  3 dart slugs (D:1)
  5 leopard geckos
  91 orcs
  5 giant cockroaches
  3 goblins
  6 hobgoblins
  5 jackals
  15 kobolds
  2 quokkas
  3 ball pythons
  8 bats
  4 frilled lizards
  2 jackal skeletons
  A leopard gecko skeleton (D:9)
  An orc skeleton (D:8)
  A quokka skeleton (D:8)
  5 rats
  3 fungi
  8 plants
757 creatures vanquished.

Vanquished Creatures (collateral kills)
  An orc warlord (Orc:2)
  Azrael (D:13)
  3 hydras
  3 death yaks (Lair:3)
  A deep elf knight (D:15)
  An orc knight (Orc:2)
  An ugly thing (D:14)
  4 elephants (Lair:5)
  A spiny frog (Lair:3)
  A meliai (D:13)
  A troll (D:11)
  A dream sheep (Lair:6)
  A vampire (D:13)
  4 yaks
  3 fire elementals (D:13)
  A warg (D:11)
  A hell hound (D:13)
  3 ogres
  4 orc warriors
  An orc priest (D:11)
  An orc wizard (Orc:2)
  A shadow imp (D:11)
  A leopard gecko (D:11)
  8 orcs
  A plant (Lair:1)
49 creatures vanquished.

Vanquished Creatures (others)
  Nessos (Lair:4)
  A human (D:13)
  A water moccasin (Lair:6)
  2 bullfrogs (D:6)
  A scorpion (D:6)
  An iguana (D:6)
  A leopard gecko (D:6)
  16 fungi
  10 plants
34 creatures vanquished.

Grand Total: 840 creatures vanquished

Table legend:
 A = Turns spent in this place as a percentage of turns spent in the entire game.
 B = Non-inter-level travel turns spent in this place as a percentage of non-inter-level travel turns spent in the entire game.
 C = Inter-level travel turns spent in this place as a percentage of turns spent in this place.
 D = Turns resting spent in this place as a percentage of non-inter-level travel turns spent in this place.
 E = Turns spent auto-exploring this place as a percentage of non-inter-level travel turns spent in this place.
 F = Non-inter-level travel turns spent in this place divided by the number of levels of this place that you've seen.
                   A       B       C       D       E      F
               +-------+-------+-------+-------+-------+----------------------
         Total | 100.0 | 100.0 |   4.3 |  42.9 |  35.3 | 1278.6
       Dungeon |  50.7 |  49.8 |   6.0 |  32.7 |  43.9 | 1062.3
        Temple |   0.8 |   0.8 |   0.0 |   0.0 |  93.3 | 252.0
          Lair |  36.5 |  37.1 |   2.9 |  57.0 |  23.7 | 1975.3
   Spider Nest |   0.0 |   0.0 |   0.0 |   0.0 |   0.0 |   8.0
  Orcish Mines |  11.9 |  12.3 |   1.7 |  44.9 |  32.0 | 1959.5
               +-------+-------+-------+-------+-------+----------------------

Table legend:
 A = Kills in this place as a percentage of kills in entire the game.
 B = Kills by you in this place as a percentage of kills by you in the entire game.
 C = Kills by friends in this place as a percentage of kills by friends in the entire game.
 D = Other kills in this place as a percentage of other kills in the entire game.
 E = Experience gained in this place as a percentage of experience gained in the entire game.
 F = Experience gained in this place divided by the number of levels of this place that you have seen.
                   A       B       C       D       E      F
               +-------+-------+-------+-------+-------+----------------------
         Total | 100.0 | 100.0 | 100.0 | 100.0 | 100.0 | 6378.3
       Dungeon |  49.1 |  49.7 |  41.7 |   0.0 |  43.6 | 4636.5
          Lair |  28.6 |  28.2 |  33.3 | 100.0 |  42.7 | 11342.3
  Orcish Mines |  22.2 |  22.1 |  25.0 |   0.0 |  13.7 | 10927.5
               +-------+-------+-------+-------+-------+----------------------

Table legend:
 A = Non-vault XP
 B = Vault XP
 C = Vault XP percentage of total XP
 D = Non-vault monster count
 E = Vault monster count
 F = Vault count percentage of total count
                 A         B        C        D         E       F
            +---------+---------+-------+---------+---------+-------
      Total |   94231 |   65226 |  40.9 |     505 |     291 |  36.6
            +---------+---------+-------+---------+---------+-------
        D:1 |      47 |       3 |   6.0 |      25 |       2 |   7.4
        D:2 |      39 |      36 |  48.0 |      17 |       1 |   5.6
        D:3 |      65 |     299 |  82.1 |      12 |       3 |  20.0
        D:4 |     233 |     247 |  51.5 |      15 |       4 |  21.1
        D:5 |     301 |     474 |  61.2 |       9 |       3 |  25.0
        D:6 |     402 |     913 |  69.4 |      13 |       7 |  35.0
        D:7 |     526 |     658 |  55.6 |      14 |      11 |  44.0
        D:8 |     835 |    1353 |  61.8 |      11 |      15 |  57.7
        D:9 |    1711 |    2308 |  57.4 |      23 |      20 |  46.5
       D:10 |    4254 |       0 |   0.0 |      23 |       0 |   0.0
       D:11 |    1092 |    1022 |  48.3 |      15 |       8 |  34.8
       D:12 |    6959 |       0 |   0.0 |      32 |       0 |   0.0
       D:13 |    8226 |   10398 |  55.8 |      32 |      19 |  37.3
       D:14 |    8663 |    5403 |  38.4 |      27 |       6 |  18.2
       D:15 |    7981 |    5100 |  39.0 |      18 |       6 |  25.0
     Lair:1 |    4132 |       0 |   0.0 |      18 |       0 |   0.0
     Lair:2 |    5466 |       0 |   0.0 |      28 |       0 |   0.0
     Lair:3 |   12773 |    2796 |  18.0 |      42 |       7 |  14.3
     Lair:4 |    6053 |    1584 |  20.7 |      20 |       2 |   9.1
     Lair:5 |   10790 |    1792 |  14.2 |      34 |       4 |  10.5
     Lair:6 |   11429 |   11239 |  49.6 |      44 |      29 |  39.7
      Orc:1 |    2254 |       0 |   0.0 |      33 |       0 |   0.0
      Orc:2 |       0 |   19601 | 100.0 |       0 |     144 | 100.0
            +---------+---------+-------+---------+---------+-------
